 Seeded DCSS version 0.32-a0-485-g70f7560b1c (webtiles) character file.

Game seed: 7220356206648857820 (custom seed)

702771 CInkIbrahim the Skinwalker (level 27, -5/209 HPs)
             Began as a Coglin Fighter on Feb 26, 2024.
             Was the Champion of Lugonu.
             Slain by a titan simulacrum (20 damage)
             ... led by a necromancer
             ... in the Vestibule of Hell.
             The game lasted 03:21:50 (80589 turns).

CInkIbrahim the Skinwalker (Coglin Fighter)        Turns: 80589, Time: 03:21:51

Health: -5/209     AC: 50    Str: 38    XL:     27
Magic:  36/36      EV: 12    Int: 10    God:    Lugonu [******]
Gold:   2608       SH:  0    Dex: 14    Spells: 26/26 levels left

rFire   + + .        a - +18 lance "Wyrmbane" {slay drac, rPois rF+ rC+ AC+3}
rCold   + + +        b - +9 demon trident (distort) {Mai}
rNeg    + + +        i - +5 crystal plate armour of Uskayaw's Reproof {Will++ Str-4}
rPois   ∞            Q - +2 helmet of Follow the Leader {rF+ rC+}
rElec   +            q - +3 cloak of an ice cave {rCorr Int-2 Stlth+}
rCorr   +            N - +1 pair of gloves of the Giraffatuar {rElec rF- rN+ Int+4}
SInv    .            v - +1 pair of boots of Delicate Life {+Inv rPois Str+4 Slay+3}
Will    +++++        T - amulet "Ussesix" {Faith +Blink Str+8 Stlth+} Stlth
                     (ring unavailable)
HPRegen 0.54/turn    (ring unavailable)
MPRegen 0.25/turn

%: clarity, faith
@: death-form, constricted, studying Evocations, revved
A: vile attack, torment immunity, no potions, cold resistance 1, fire resistance
1, off-hand wielding, slow wielding, warmup strikes, no rings, clarity, frail 1
}: 5/15 runes: decaying, slimy, silver, abyssal, gossamer
a: Siphon Essence, Begin Untransformation, Renounce Religion, Evoke Blink, Evoke
Invisibility, Depart the Abyss, Banish, Corrupt, Enter the Abyss


You were in the Vestibule of Hell.
You worshipped Lugonu.
Lugonu was exalted by your worship.
You were an undying horror.
You visited 13 branches of the dungeon, and saw 56 of its levels.
You visited the Abyss 5 times.
You also visited: Gauntlet, Ice Cave and Desolation.

You collected 9036 gold pieces.
You spent 6428 gold pieces at shops.

Inventory:

Hand Weapons
 a - the +18 lance "Wyrmbane" (weapon) {slay drac, rPois rF+ rC+ AC+3}
   (You acquired it on level 2 of the Dungeon)

   AC+3:      It affects your AC (+3).
   rF+:       It protects you from fire.
   rC+:       It protects you from cold.
   rPois:     It protects you from poison
 b - a +9 demon trident of distortion (offhand) {Mai}
 c - a +9 vampiric demon trident {Mizue}
Missiles
 t - 6 throwing nets (quivered)
Armour
 i - the +5 crystal plate armour of Uskayaw's Reproof (worn) {Will++ Str-4}
   (You acquired it on level 2 of the Dungeon)

   Str-4:     It affects your strength (-4).
   Will++:    It greatly increases your willpower.
 q - the +3 cloak of an ice cave (worn) {rCorr Int-2 Stlth+}
   (You found it on level 4 of the Realm of Zot)

   Int-2:     It affects your intelligence (-2).
   rCorr:     It protects you from acid and corrosion.
   Stlth+:    It makes you more stealthy.
 s - +12 gold dragon scales
 v - the +1 pair of boots of Delicate Life (worn) {+Inv rPois Str+4 Slay+3}
   (You acquired it on level 4 of the Dungeon)

   Str+4:     It affects your strength (+4).
   Slay+3:    It affects your accuracy & damage with ranged weapons and melee
   (+3).
   rPois:     It protects you from poison +Inv: It lets you turn invisible.
 D - the +3 pair of seven-league boots {Rampage+∞}
   (You acquired it on level 5 of the Vaults)

   Rampage+∞: When moving toward enemies, its wearer moves as far as possible,
   alerting their target en route.
 E - the +2 hood of the Assassin {Detect Stab+ Stlth++}
   (You found it on level 8 of the Dungeon)

   Detect:    It allows the wearer to sense nearby creatures.
   Stab+:     It allows the wearer to make particularly effective stabbing
   attacks against helpless or unaware enemies with any weapon.
   Stlth++:   It makes you much more stealthy.
 K - a +2 helmet of see invisible
 M - a +2 pair of gloves of strength
 N - the +1 pair of gloves of the Giraffatuar (worn) {rElec rF- rN+ Int+4}
   (You found it in a Gauntlet)

   Int+4:     It affects your intelligence (+4).
   rF-:       It makes you vulnerable to fire.
   rElec:     It insulates you from electricity.
   rN+:       It protects you from negative energy.
 O - a scarf of resistance
 Q - the +2 helmet of Follow the Leader (worn) {rF+ rC+}
   (You found it in a Gauntlet)

   rF+:       It protects you from fire.
   rC+:       It protects you from cold.
 R - a scarf of shadows
Jewellery
 T - the amulet "Ussesix" (around neck) {Faith +Blink Str+8 Stlth+}
   (You acquired it on level 2 of the Lair of Beasts)

   [amulet of faith]

   Faith:     It allows you to gain divine favour quickly.
   Str+8:     It affects your strength (+8).
   +Blink:    It lets you blink.
   Stlth+:    It makes you more stealthy.
Talismans
 y - a talisman of death (active)
Wands
 n - a wand of acid (22)
 u - a wand of charming (7)
 B - a wand of mindburst (81)
 I - a wand of digging (21)
 U - a wand of polymorph (11)
Scrolls
 e - a scroll of brand weapon
 k - 30 scrolls of teleportation
 o - 3 scrolls of vulnerability
 w - 8 scrolls of blinking
 x - 5 scrolls of fog
 A - 6 scrolls of poison
 C - 7 scrolls of immolation
 H - 2 scrolls of butterflies
 J - 7 scrolls of fear
 V - 2 scrolls of silence
 W - 6 scrolls of revelation
 Z - a scroll of enchant weapon
Potions
 d - 7 potions of might
 f - 3 potions of cancellation
 g - 3 potions of invisibility
 h - 8 potions of enlightenment
 l - 18 potions of curing
 m - a potion of berserk rage
 r - 5 potions of attraction
 z - 3 potions of mutation
 F - 4 potions of resistance
 L - 7 potions of haste
 Y - 9 potions of heal wounds
Miscellaneous
 j - a tin of tremorstones (2/2)
 G - a lightning rod (4/4)
 P - a phial of floods
 S - a phantom mirror


   Skills:
 + Level 22.8 Fighting
 + Level 19.7 Polearms
 + Level 21.6 Armour
 + Level 17.3 Dodging
 - Level 2.1 Shields
 + Level 19.0 Invocations
 - Level 10.0 Evocations
 - Level 23.0 Shapeshifting


You had 26 spell levels left.
You didn't know any spells.
Your spell library contained the following spells:

 Spells                   Type           Power      Damage    Failure   Level
 Apportation              Tloc           0%         N/A       91%         1
 Foxfire                  Conj/Fire      0%         2x1d4     91%         1
 Freeze                   Ice            0%         1d3       91%         1
 Kiss of Death            Conj/Necr      0%         2d5       91%         1
 Magic Dart               Conj           0%         1d3       91%         1
 Necrotise                Necr           0%         1d4       91%         1
 Shock                    Conj/Air       0%         1d3       91%         1
 Sting                    Conj/Alch      0%         1d3       91%         1
 Summon Small Mammal      Summ           0%         N/A       91%         1
 Blink                    Tloc           0%         N/A       97%         2
 Call Imp                 Summ           0%         N/A       97%         2
 Cigotuvi's Dreadful Rot  Necr/Alch/Air  0%         N/A       97%         2
 Ensorcelled Hibernation  Hex/Ice        0%         N/A       97%         2
 Jinxbite                 Hex            0%         N/A       97%         2
 Lesser Beckoning         Tloc           0%         N/A       97%         2
 Mercury Vapours          Alch/Air       0%         N/A       97%         2
 Momentum Strike          Conj/Tloc      0%         3d8       97%         2
 Scorch                   Fire           0%         2d5       97%         2
 Searing Ray              Conj           0%         2d4       97%         2
 Static Discharge         Conj/Air       0%         3-3/arc   97%         2
 Call Canine Familiar     Summ           0%         N/A       99%         3
 Confusing Touch          Hex            0%         N/A       99%         3
 Dazzling Flash           Conj/Hex       0%         N/A       99%         3
 Frozen Ramparts          Ice            0%         1d1       99%         3
 Fugue of the Fallen      Necr           0%         N/A       99%         3
 Gell's Gravitas          Tloc           0%         N/A       99%         3
 Hailstorm                Conj/Ice       0%         3d5       99%         3
 Inner Flame              Hex/Fire       0%         N/A       99%         3
 Mephitic Cloud           Conj/Alch/Air  0%         N/A       99%         3
 Ozocubu's Armour         Ice            0%         N/A       99%         3
 Passwall                 Erth           0%         N/A       99%         3
 Sigil of Binding         Hex            0%         N/A       99%         3
 Stone Arrow              Conj/Erth      0%         3d7       99%         3
 Summon Ice Beast         Ice/Summ       0%         N/A       99%         3
 Swiftness                Air            0%         N/A       99%         3
 Teleport Other           Tloc           0%         N/A       99%         3
 Tukima's Dance           Hex            0%         N/A       99%         3
 Vampiric Draining        Necr           0%         2d6       99%         3
 Volatile Blastmotes      Fire/Tloc      0%         2d10      99%         3
 Airstrike                Air            0%         2d(0-16)  100%        4
 Anguish                  Hex/Necr       0%         N/A       100%        4
 Animate Dead             Necr           0%         N/A       100%        4
 Brom's Barrelling Bould  Conj/Erth      0%         2d3       100%        4
 Cause Fear               Hex            0%         N/A       100%        4
 Dimensional Bullseye     Hex/Tloc       0%         N/A       100%        4
 Dispel Undead            Necr           0%         3d6       100%        4
 Flame Wave               Conj/Fire      0%         2d4       100%        4
 Fulminant Prism          Conj/Alch      0%         3d5       100%        4
 Ignite Poison            Fire/Alch      0%         N/A       100%        4
 Leda's Liquefaction      Alch/Erth      0%         N/A       100%        4
 Manifold Assault         Tloc           0%         N/A       100%        4
 Martyr's Knell           Necr/Summ      0%         N/A       100%        4
 Olgreb's Toxic Radiance  Alch           0%         N/A       100%        4
 Passage of Golubria      Tloc           0%         N/A       100%        4
 Petrify                  Alch/Erth      0%         N/A       100%        4
 Sticky Flame             Fire/Alch      0%         2d4       100%        4
 Summon Blazeheart Golem  Fire/Summ      0%         N/A       100%        4
 Summon Lightning Spire   Summ/Air       0%         N/A       100%        4
 Alistair's Intoxication  Alch           0%         N/A       100%        5
 Borgnjor's Vile Clutch   Necr/Erth      0%         N/A       100%        5
 Curse of Agony           Necr           0%         N/A       100%        5
 Fireball                 Conj/Fire      0%         3d3       100%        5
 Freezing Cloud           Conj/Ice/Air   0%         6-21      100%        5
 Irradiate                Conj/Alch      0%         3d11      100%        5
 Iskenderun's Battlesphe  Conj           0%         2d6       100%        5
 Lee's Rapid Deconstruct  Erth           0%         3d4*      100%        5
 Metabolic Englaciation   Hex/Ice        0%         N/A       100%        5
 Silence                  Hex/Air        0%         N/A       100%        5
 Summon Forest            Summ/Tloc      0%         N/A       100%        5
 Summon Mana Viper        Hex/Summ       0%         N/A       100%        5
 Yara's Violent Unravell  Hex/Alch       0%         3d3       100%        5
 Bombard                  Conj/Erth      0%         9d1       100%        6
 Conjure Ball Lightning   Conj/Air       0%         3x3d6     100%        6
 Death Channel            Necr           0%         N/A       100%        6
 Dispersal                Tloc           0%         N/A       100%        6
 Eringya's Noxious Bog    Alch           0%         4d6       100%        6
 Plasma Beam              Fire/Air       0%         2x1d10    100%        6
 Sculpt Simulacrum        Ice/Alch       0%         N/A       100%        6
 Starburst                Conj/Fire      0%         6d3       100%        6
 Summon Cactus Giant      Summ           0%         N/A       100%        6
 Enfeeble                 Hex            0%         N/A       100%        7
 Haunt                    Necr/Summ      0%         N/A       100%        7
 Monstrous Menagerie      Summ           0%         N/A       100%        7
 Orb of Destruction       Conj           0%         9d5       100%        7
 Ozocubu's Refrigeration  Ice            0%         4d7       100%        7
 Spellforged Servitor     Conj/Summ      0%         N/A       100%        7
 Borgnjor's Revivificati  Necr           0%         N/A       100%        8
 Discord                  Hex            0%         N/A       100%        8
 Disjunction              Tloc           0%         N/A       100%        8
 Ignition                 Fire           0%         3d3       100%        8
 Infestation              Necr           0%         N/A       100%        8
 Maxwell's Capacitive Co  Air            0%         ∞         100%        8
 Chain Lightning          Conj/Air       0%         N/A       100%        9
 Dragon's Call            Summ           0%         N/A       100%        9
 Fire Storm               Conj/Fire      0%         5d1       100%        9
 Shatter                  Erth           0%         3d5*      100%        9


Dungeon Overview and Level Annotations

Branches:
Dungeon (15/15)            Temple (1/1) D:4            Lair (5/5) D:11
  Swamp (4/4) Lair:3       Spider (4/4) Lair:2        Slime (5/5) Lair:5
    Orc (2/2) D:12            Elf (3/3) Orc:2        Vaults (5/5) D:14
  Crypt (3/3) Vaults:2       Tomb (0/3) Crypt:3      Depths (4/4) D:15
   Hell (1/1)                 Zot (4/5) Depths:4      IceCv (visited)
Desolation (visited)      Gauntlet (visited)
    Dis: Hell:1         Geh: Hell:1         Coc: Hell:1         Tar: Hell:1

Altars:
Ashenzari
Cheibriados
Dithmenos
Elyvilon
Fedhas
Gozag
Hepliaklqana
Kikubaaqudgha
Makhleb
Nemelex Xobeh
Okawaru
Qazlal
Ru
Sif Muna
Trog
Uskayaw
Vehumet
Wu Jian
Xom
Yredelemnul
Zin
The Shining One
Beogh
Lugonu

Shops:
D:3 !   D:9 :   D:14 [   Orc:1 *   Orc:2 *(*=   Elf:1 ?::=   Elf:3 [
Vaults:2 =   Depths:1 !*(*   Depths:4 ?

Portals:
Hell: Depths:1 Depths:2 Depths:3 Depths:4
Abyss: Depths:2 Depths:3
Pandemonium: Orc:2 Depths:1 Depths:2 Depths:3 Depths:4
Ziggurat: Depths:3

Annotations:
Swamp:4 exclusion: 2 oklob plants
Elf:3 1 exclusion
Vaults:5 corrupted
Hell corrupted, Geryon
Abyss:1 Saint Roka


Innate Abilities, Weirdness & Mutations

You are an undying horror.
Your melee and unarmed attacks drain, slow and weaken victims.
You are immune to unholy pain and torment.
You cannot drink.
You are immune to poison.
Your flesh is cold resistant. (rC+)
Your flesh is heat resistant. (rF+)
You can wield a second weapon in your off-hand.
It takes a long time for you to wield or remove held weapons.
Your first few attacks do less damage.
Your grasper-arms cannot wear rings.
You possess an exceptional clarity of mind.
You are frail. (-10% HP)


Message History

Your butterfly disappears in a burst of colours!
The laughing skull barely misses the sixfirhy.
The harpy simulacrum barely misses you.
The harpy simulacrum claws you but does no damage.
The sixfirhy closely misses you. The reaper hits you but does no damage.
The large abomination hits the soul eater!!
Geryon winds a great silver horn.
You miss the hell beast with the +18 lance "Wyrmbane".
The hell beast is moderately wounded.
You stick the hell beast like a pincushion with your +9 demon trident of distortion!!!
The hell beast decays.
Space warps horribly around the hell beast!
You kill the hell beast!
The hell beast disappears in a puff of smoke!
You hear a hideous shriek!
The sixfirhy hits you but does no damage.
The spriggan defender simulacrum hits you but does no damage.
The doom hound bites you!!
* * * LOW HITPOINT WARNING * * *
The doom hound claws you but does no damage.
The harpy simulacrum claws you.
* * * LOW HITPOINT WARNING * * *
The harpy simulacrum freezes you. You resist.
* * * LOW HITPOINT WARNING * * *
The harpy simulacrum claws you but does no damage.
The spriggan defender zombie hits you!
* * * LOW HITPOINT WARNING * * *
The sixfirhy hits you but does no damage.
The doom hound completely misses you. The doom hound barely misses you.
The small abomination completely misses your butterfly.
The spriggan defender simulacrum splashes around in the water.
The nagaraja skeleton misses your butterfly.
The nagaraja skeleton completely misses your butterfly.
The soul eater hits the laughing skull!
The tentacled monstrosity tentacle-slaps you but does no damage. x2
The tentacled monstrosity barely misses you.
The tentacled monstrosity grabs you.
The tentacled monstrosity constricts you.
The titan simulacrum hits you!!
You die...

##.. ## ##... ##
#.# ##....#..
.##.#
#..#....##....#
..#∩...#..#~Y###
.....&..#.3X...# .
......2h#z#3~.#..§
..#ZXz3hh###.3.§
...XXpZ2ZZb....#..
......22Z†~x...#
.....bZbbbb†.###
#..#...#~~..#.#
##...b##~~..# .#
#....#.....# ,#
###..#..#.#. # ..#
.###


You could see Geryon, a hellephant (slow, weak), a tentacled monstrosity, 2 doom
hounds, a cacodemon (ally target), 2 hell beasts, a reaper, 2 soul eaters, a
hell hog, a necromancer, a sixfirhy, a harpy simulacrum, a spriggan defender
simulacrum, a titan simulacrum, a harpy zombie, a spriggan defender zombie, a
nagaraja skeleton, 2 neutral starcursed masses, a neutral large abomination
(summoned, distracted), a neutral small abomination (summoned, distracted) and a
neutral laughing skull (summoned, distracted).

Vanquished Creatures
  the Royal Jelly (Slime:5)
  3 dread liches (Vaults:5)
  3 ancient liches
  Mara (Swamp:4)
  Sojobo (Crypt:2)
  Parghit (Zot:4)
  Bai Suzhen (Abyss:1)
  4 curse toes
  4 bone dragons
  A profane servitor (Abyss:3)
  7 golden dragons
  Norris (Abyss:1)
  An electric golem (Zot:1)
  3 Hell Sentinels (Abyss:2)
  A shard shrike zombie (Swamp:4)
  8 tentacled monstrosities
  Mlioglotl (Spider:2)
  2 hellephants
  7 liches
  A walking frostbound tome (Depths:2)
  14 acid blobs
  4 titans
  A deep elf blademaster (Elf:3)
  3 deep elf master archers (Elf:3)
  4 quicksilver dragons
  6 death cobs
  6 sphinxes
  17 tentacled starspawn
  2 Executioners
  4 thorn hunters
  Kirke (D:14)
  5 shadow dragons
  12 rockslimes
  6 tengu reavers
  9 storm dragons
  6 fire giants
  14 azure jellies
  Donald (Swamp:1)
  4 daevas (Abyss:3)
  A draconian shifter (Abyss:1)
  6 emperor scorpions
  4 draconian scorchers
  3 balrugs
  4 frost giants
  8 deep elf sorcerers
  2 iron dragons
  6 ghost moths
  15 vault wardens
  6 draconian knights
  3 cacodemons
  Louise (Swamp:2)
  An imperial myrmidon (Desolation)
  2 orc warlords
  2 caustic shrike zombies
  4 angels
  3 reapers
  2 juggernaut zombies
  7 deep elf elementalists
  3 draconian stormcallers
  The ghost of Jout the Spry, an adept FeEE of Gozag (Swamp:2)
  4 draconian annihilators
  21 very ugly things
  3 ghouls
  A curse skull (Crypt:3)
  11 stone giants
  12 ironbound preservers
  An ophan (Abyss:3)
  6 quicksilver oozes (Slime:5)
  A juggernaut skeleton (Abyss:2)
  2 spriggan defenders
  10 formless jellyfish
  3 broodmothers (Spider:4)
  7 green draconians
  An elemental wellspring (Hell)
  10 ironbound thunderhulks
  8 vampire knights
  2 spectral hellephants (Crypt:1)
  7 red draconians
  4 eleionomae
  7 deep elf demonologists
  A starflower (Abyss:2)
  9 deep elf death magi
  3 black draconians
  Azrael (Elf:2)
  7 deep elf annihilators (Elf:3)
  3 white draconians
  4 dire elephants
  A halazid warlock (Desolation)
  A lorocyproca (Depths:4)
  8 spark wasps
  7 bunyips
  6 war gargoyles
  2 eidola
  2 spectral elves (Crypt:1)
  7 yellow draconians
  5 jiangshi
  3 fire dragons
  2 blizzard demons
  A green death (Depths:3)
  A quicksilver dragon zombie (Crypt:2)
  9 purple draconians
  8 ettins
  9 entropy weavers
  2 ragged hierophants (Desolation)
  3 crystal guardians (Desolation)
  2 shambling mangroves
  16 yaktaur captains
  3 deep elf high priests (Elf:3)
  Harold (D:11)
  6 servants of whispers (Desolation)
  9 rakshasas
  A fenstrider witch zombie (Crypt:3)
  14 great orbs of eyes
  5 ice dragons
  A spectral shadow dragon (Crypt:1)
  A juggernaut simulacrum (Abyss:1)
  A spriggan zombie (Crypt:3)
  An Orb Guardian zombie (Crypt:2)
  5 peacekeepers (Desolation)
  16 hydras
  2 ogre magi
  A demonspawn (Orc:2)
  2 radroaches
  3 death knights
  10 ironbound frosthearts
  A jorogumo (Spider:2)
  3 spriggan air magi
  18 vault guards
  8 centaur warriors
  10 alligators
  3 ghost crabs
  Erica (Orc:1)
  27 dancing weapons
  2 Orb Guardian skeletons (Crypt:1)
  6 deep troll shamans
  8 boulder beetles
  5 two-headed ogres
  10 vampire magi
  5 death yaks
  2 naga warriors (Abyss:3)
  4 tengu warriors
  2 occultists
  6 deep troll earth magi
  6 hell hogs
  3 holy swine (Abyss:3)
  7 orc high priests
  10 demonic crawlers
  15 hell knights
  3 soul eaters
  A spriggan berserker (Depths:4)
  Sonja (Lair:1)
  Urug (Orc:1)
  15 deep elf knights
  22 wretched stars
  A skyshark (shapeshifter) (Vaults:5)
  8 sun demons
  21 thrashing horrors
  17 skeletal warriors
  Nergalle (D:11)
  7 sixfirhies
  5 skysharks
  A shadow wraith (Abyss:2)
  4 iron trolls
  62 deep trolls
  5 goliath frogs
  40 large abominations
  4 pharaoh ants
  A death drake (Swamp:4)
  An iron giant zombie (Crypt:2)
  6 flayed ghosts
  A shadow demon (Depths:2)
  A bunyip zombie (Crypt:2)
  5 orb spiders
  3 glowing orange brains
  A sun moth (shapeshifter) (Vaults:5)
  13 bog bodies
  8 arcanists
  4 spriggan druids
  5 swamp dragons
  4 thermic dynamos
  8 deep elf archers
  2 orb spiders (shapeshifter)
  A kraken simulacrum (Swamp:4)
  3 spectral hydras (Swamp:4)
  8 orc knights
  24 ironbound convokers
  8 lindwurms
  2 sun moths
  A lindwurm (shapeshifter) (Vaults:5)
  5 phantasmal warriors
  6 steelbarb worms
  24 wolf spiders
  4 harpies (Vaults:3)
  16 deep elf zephyrmancers
  18 deep elf pyromancers
  7 orc sorcerers (Orc:2)
  11 necromancers
  A broodmother zombie (Crypt:2)
  7 cyclopes
  2 manticores
  Maurice (D:7)
  A tengu skeleton (Vaults:4)
  49 ugly things
  An oklob plant (Abyss:3)
  6 shining eyes
  7 worldbinders
  18 moths of wrath
  8 will-o-the-wisps
  A black mamba (Lair:4)
  5 elephants (Lair:4)
  4 guardian serpents
  An elephant (shapeshifter) (Elf:2)
  An iron dragon skeleton (Crypt:2)
  4 kobold blastminers
  A centaur zombie (Crypt:3)
  4 gargoyles (Crypt:3)
  2 rust devils
  4 apocalypse crabs
  An ice statue (Lair:3)
  2 eyes of devastation
  2 alligator snapping turtle zombies (Crypt:2)
  12 vault sentinels
  6 torpor snails
  10 cane toads
  A naga zombie (Crypt:1)
  11 orange demons
  3 stone giant skeletons
  2 naga skeletons (Crypt:3)
  A dire elephant skeleton (Crypt:3)
  A red draconian zombie (Crypt:2)
  2 unseen horrors (Abyss:1)
  6 rime drakes
  5 komodo dragons
  Maggie (D:9)
  22 smoke demons
  7 kobold demonologists
  A rime drake (shapeshifter) (Vaults:5)
  A bunyip simulacrum (Crypt:2)
  4 efreet
  A yaktaur zombie (Vaults:2)
  A yaktaur skeleton (Vaults:4)
  3 tengu conjurers
  An elf skeleton (Vaults:2)
  7 ice devils
  A death yak skeleton (Crypt:1)
  A tormentor (Depths:2)
  3 harpy zombies
  53 yaktaurs
  A red devil (Abyss:1)
  8 trolls
  17 ancient zymes
  21 freezing wraiths
  A silent spectre (Abyss:1)
  3 bloated husks
  2 hydra zombies (Swamp:4)
  22 polar bears
  5 hydra skeletons
  Grinder (D:5)
  3 tyrant leeches
  33 tarantellas
  6 glass eyes
  3 harpy skeletons
  18 hornets
  A raiju (shapeshifter) (D:13)
  39 saltlings (Desolation)
  A culicivora zombie (Crypt:1)
  37 raiju
  A boulder beetle zombie (Crypt:1)
  A death drake skeleton (Crypt:1)
  115 slime creatures
  21 spriggans
  2 ettin zombies
  A guardian serpent skeleton (Crypt:2)
  2 ettin skeletons (Crypt:2)
  36 jumping spiders
  4 wyverns
  Sigmund (D:3)
  A water elemental (Elf:1)
  3 air elementals
  5 spriggan skeletons
  68 yaks
  19 ynoxinuls
  16 culicivoras
  6 shadows
  7 vampires
  10 fire elementals
  5 basilisks
  A yak (shapeshifter) (D:14)
  13 wraiths
  13 golden eyes
  6 hogs (D:14)
  A tyrant leech zombie (Crypt:1)
  A yaktaur simulacrum (Vaults:4)
  A golden eye (shapeshifter) (D:14)
  10 neqoxecs
  2 steam dragons (Gauntlet)
  3 wargs
  71 redbacks
  12 vampire mosquitoes
  10 chaos spawn
  Menkaure (D:6)
  4 acid dragons
  A faun zombie (Crypt:2)
  12 swamp worms
  A naga (Abyss:3)
  29 small abominations
  2 hydra simulacra (Swamp:4)
  A cane toad zombie (Crypt:2)
  A glowing shapeshifter skeleton (Vaults:2)
  13 water moccasins
  5 hell hounds
  2 swamp drakes (Swamp:4)
  45 orc warriors
  An ice beast (shapeshifter) (D:14)
  6 black bears
  13 ice beasts
  A sky beast (D:7)
  7 ogres
  30 laughing skulls
  3 swamp dragon zombies (Swamp:4)
  59 wolves
  3 boggarts (Lair:5)
  3 phantoms
  5 centaurs
  A swamp dragon skeleton (Swamp:4)
  4 kobold brigands (D:10)
  Blork the orc (D:6)
  7 brain worms
  2 gnoll sergeants
  3 earth elementals
  12 bullfrogs
  3 scorpions
  5 wights
  5 electric eels
  9 howler monkeys
  A crimson imp (Abyss:3)
  2 bombardier beetles (D:5)
  6 quasits
  2 jellies (D:5)
  28 orc priests
  4 hounds
  A bullfrog skeleton (Crypt:1)
  3 iron imps
  88 starcursed masses
  Ijyb (D:3)
  2 iguanas (D:5)
  27 orc wizards
  5 hell rats (Lair:4)
  A centaur simulacrum (D:9)
  2 killer bee simulacra (D:9)
  7 gnolls
  8 adders
  A swamp drake zombie (Swamp:4)
  2 swamp drake skeletons (Swamp:4)
  2 shadow imps (Abyss:3)
  18 white imps
  13 ufetubi
  2 dart slugs
  2 ribbon worms
  118 orcs
  4 endoplasms
  A giant cockroach (D:2)
  9 goblins
  3 hobgoblins
  17 kobolds
  3 quokkas
  7 ball pythons
  A bat (D:2)
  4 frilled lizards
  A giant cockroach zombie (Crypt:1)
  A quokka skeleton (Crypt:2)
  5 rats (D:2)
  A rat zombie (Crypt:1)
  4 lurking horrors
  4 spectral weapons (Elf:2)
  20 starspawn tentacles
  A tentacle (Swamp:4)
2885 creatures vanquished.

Vanquished Creatures (others)
  A doom hound (Hell)
  A tentacled monstrosity (Vaults:5)
  A shadow dragon (Vaults:5)
  A vault warden (Vaults:5)
  A very ugly thing (Vaults:5)
  2 stone giants (Vaults:5)
  A deep elf annihilator (Vaults:5)
  A minotaur (Gauntlet)
  8 vault guards (Vaults:5)
  A deep elf knight (Elf:1)
  A hell knight (Abyss:2)
  An obsidian statue (Gauntlet)
  An ironbound convoker (Vaults:5)
  An orange crystal statue (Gauntlet)
  A vault sentinel (Vaults:5)
  A smoke demon (Hell)
  A hornet (Swamp:2)
  2 bloated husks
  2 spriggans (Swamp:2)
  2 golden eyes (Abyss:2)
  A small abomination (Abyss:2)
  20 foxfires
  23 starspawn tentacles
  3 tentacles (Swamp:4)
78 creatures vanquished.

Grand Total: 2963 creatures vanquished

Notes
Turn   | Place    | Note
-------+----------+-------------------------------------------
     0 | D:1      | CInkIbrahim the Coglin Fighter began the quest for the Orb.
     0 | D:1      | Reached XP level 1. HP: 18/18 MP: 1/1
   277 | D:1      | Found a faded altar of an unknown god.
   311 | D:1      | Reached XP level 2. HP: 19/24 MP: 2/2
   320 | D:1      | Prayed at the altar of an unknown god.
   320 | D:1      | Became a worshipper of Lugonu the Unformed
   320 | D:1      | Reached * piety under Lugonu
   650 | D:2      | Identified 3 scrolls of acquirement
   650 | D:2      | Acquired the +5 crystal plate armour of Uskayaw's Reproof
                  | {Will++ Str-4}
   651 | D:2      | Acquired a +4 demon trident of electrocution
   652 | D:2      | Acquired the +8 lance "Wyrmbane" {slay drac, rPois rF+ rC+
                  | AC+3}
   652 | D:2      | Found the +8 lance "Wyrmbane" {slay drac, rPois rF+ rC+
                  | AC+3}
  1004 | D:2      | Reached XP level 3. HP: 29/29 MP: 3/3
  1256 | D:2      | Reached XP level 4. HP: 32/35 MP: 4/4
  1696 | D:3      | Noticed Ijyb
  1701 | D:3      | Killed Ijyb
  1766 | D:3      | Noticed a scorpion
  1770 | D:3      | Killed a scorpion
  1771 | D:3      | Reached XP level 5. HP: 41/41 MP: 5/5
  1827 | D:3      | Noticed Sigmund
  1830 | D:3      | Killed Sigmund
  1830 | D:3      | Reached ** piety under Lugonu
  1831 | D:3      | Reached XP level 6. HP: 47/47 MP: 6/6
  2160 | D:3      | Found Rezxetoc's Distillery.
  2327 | D:4      | Noticed a black bear
  2335 | D:4      | Killed a black bear
  2336 | D:4      | Reached XP level 7. HP: 52/52 MP: 7/7
  2341 | D:4      | Got Sif Muna's Compendium of Dislocated Enchantment
  2476 | D:4      | Found a staircase to the Ecumenical Temple.
  2947 | D:4      | Acquired a manual of Polearms
  2948 | D:4      | Acquired the +1 pair of boots of Delicate Life {+Inv rPois
                  | Str+4 Slay+3}
  2949 | D:4      | Acquired a +2 pair of gloves of infusion
  3000 | Temple   | Entered the Ecumenical Temple
  3068 | D:3      | Bought a potion of might for 52 gold pieces
  3068 | D:3      | Bought a potion of mutation for 104 gold pieces
  3068 | D:3      | Bought a potion of curing for 39 gold pieces
  3198 | D:5      | Entered Level 5 of the Dungeon
  3281 | D:5      | Noticed Grinder
  3286 | D:5      | Killed Grinder
  3287 | D:5      | Reached XP level 8. HP: 58/58 MP: 2/8
  3340 | D:5      | Found a sparkling altar of Nemelex Xobeh.
  3422 | D:5      | Reached skill level 10 in Polearms
  3916 | D:5      | Found a hazy altar of Hepliaklqana.
  3999 | D:5      | Found a glowing silver altar of Zin.
  4130 | D:6      | Reached *** piety under Lugonu
  4138 | D:6      | Noticed Menkaure
  4143 | D:6      | Killed Menkaure
  4144 | D:6      | Reached XP level 9. HP: 34/63 MP: 2/9
  4285 | D:6      | Noticed Blork the orc
  4289 | D:6      | Killed Blork the orc
  5005 | D:7      | You fall into a shaft and drop 2 floors!
  5081 | D:9      | Noticed a hornet
  5086 | D:9      | Killed a hornet
  5087 | D:9      | Reached skill level 1 in Invocations
  5298 | D:9      | Identified the ring "Xucw" {rPois Int+3 Dex+6 Stlth+}
  5392 | D:9      | Reached XP level 10. HP: 73/73 MP: 7/11
  5471 | D:9      | Found a sacrificial altar of Ru.
  5599 | D:8      | Reached **** piety under Lugonu
  5809 | D:8      | Found the +2 hood of the Assassin {Detect Stab+ Stlth++}
  5957 | D:8      | Reached skill level 5 in Fighting
  5972 | D:8      | Reached skill level 5 in Armour
  6427 | D:7      | Noticed Maurice
  6437 | D:7      | Killed Maurice
  6438 | D:7      | Reached skill level 15 in Polearms
  6728 | D:9      | Noticed Maggie
  6737 | D:9      | Killed Maggie
  6740 | D:9      | Found Fumem's Self-Improvement Boutique.
  6911 | D:9      | Reached ***** piety under Lugonu
  6918 | D:9      | Reached XP level 11. HP: 60/83 MP: 1/14
  7326 | D:10     | Entered Level 10 of the Dungeon
  7555 | D:10     | Found an ornate altar of the Wu Jian Council.
  7556 | D:10     | Found a stormy altar of Qazlal.
  7673 | D:10     | Reached skill level 5 in Invocations
  7845 | D:10     | Noticed a two-headed ogre
  7852 | D:10     | Killed a two-headed ogre
  7981 | D:10     | Noticed a deep elf pyromancer
  7986 | D:10     | Killed a deep elf pyromancer
  8599 | D:11     | Noticed Nergalle
  8599 | D:11     | Noticed a two-headed ogre
  8609 | D:11     | Noticed Harold
  8613 | D:11     | Killed Nergalle
  8618 | D:11     | Killed a two-headed ogre
  8626 | D:11     | Killed Harold
  8753 | D:12     | Noticed a manticore
  8760 | D:12     | Killed a manticore
  8876 | D:11     | Reached XP level 12. HP: 71/93 MP: 4/16
  8881 | D:11     | Found a staircase to the Lair.
  9722 | D:12     | Noticed a boulder beetle
  9727 | D:12     | Noticed a two-headed ogre
  9732 | D:12     | Killed a boulder beetle
  9737 | D:12     | Killed a two-headed ogre
  9745 | D:12     | Noticed a boulder beetle
  9747 | D:12     | Reached skill level 10 in Armour
  9765 | D:12     | Killed a boulder beetle
  9945 | D:12     | Found a sparkling altar of Nemelex Xobeh.
 10107 | D:12     | Reached ****** piety under Lugonu
 10191 | D:12     | Found a staircase to the Orcish Mines.
 10562 | Lair:1   | Entered Level 1 of the Lair of Beasts
 10562 | Lair:1   | Noticed Sonja
 10567 | Lair:1   | Killed Sonja
 10604 | Lair:1   | Identified a +6 demon trident of distortion {Mai} (a +4
                  | demon trident of electrocution {Mai} corrupted by Lugonu)
 10604 | Lair:1   | Received a gift from Lugonu
 10877 | Lair:1   | Gained mutation: Your flesh is cold resistant. (rC+)
                  | [Coglin growth]
 10877 | Lair:1   | Gained mutation: Your flesh is heat resistant. (rF+)
                  | [Coglin growth]
 10877 | Lair:1   | Reached XP level 13. HP: 102/102 MP: 16/18
 11078 | Lair:1   | Reached skill level 10 in Fighting
 11936 | Lair:2   | Found a hole to the Spider Nest.
 12042 | Lair:2   | Found a gate leading to a gauntlet.
 12051 | Gauntlet | Entered a Gauntlet
 12051 | Gauntlet | Found a transporter.
 12051 | Gauntlet | Found a transporter.
 12158 | Gauntlet | Found a transporter.
 12176 | Gauntlet | Found a transporter.
 12176 | Gauntlet | Found a transporter.
 12177 | Gauntlet | Found a transporter.
 12180 | Gauntlet | Found a transporter.
 12180 | Gauntlet | Found a transporter.
 12198 | Gauntlet | Found a transporter.
 12209 | Gauntlet | Found a transporter.
 12219 | Gauntlet | Found a transporter.
 12233 | Gauntlet | Found a transporter.
 12253 | Gauntlet | Found a transporter.
 12268 | Gauntlet | Found a transporter.
 12358 | Gauntlet | Corrupted Gauntlet
 12358 | Gauntlet | Noticed a starcursed mass
 12360 | Gauntlet | Noticed a tentacled starspawn
 12400 | Gauntlet | Killed a minotaur
 12523 | Gauntlet | Got the Catalogue of Energy and Blasphemous Arts
 12526 | Gauntlet | Identified the +1 pair of gloves of the Giraffatuar {rElec
                  | rF- rN+ Int+4}
 12570 | Gauntlet | Identified the +3 ring mail "Yfit" {Harm Regen+}
 12591 | Gauntlet | Identified the +2 helmet of Follow the Leader {rF+ rC+}
 13431 | Lair:2   | Acquired the amulet "Ussesix" {Faith +Blink Str+8 Stlth+}
 13865 | Lair:3   | Noticed an ice dragon
 13871 | Lair:3   | Banished an ice dragon
 14028 | Lair:3   | Reached XP level 14. HP: 113/113 MP: 20/20
 14574 | Lair:3   | Found a staircase to the Swamp.
 14813 | D:9      | Bought a manual of Armour for 960 gold pieces
 14815 | D:9      | Reached skill level 15 in Armour
 14815 | D:9      | Reached XP level 15. HP: 119/119 MP: 21/21
 15936 | Lair:5   | Entered Level 5 of the Lair of Beasts
 15957 | Lair:5   | Reached skill level 10 in Invocations
 16799 | Lair:5   | Found a staircase to the Slime Pits.
 17097 | Orc:1    | Entered Level 1 of the Orcish Mines
 17151 | Orc:1    | Noticed an orc warlord
 17187 | Orc:1    | Killed an orc warlord
 17202 | Orc:1    | Reached skill level 1 in Dodging
 17424 | Orc:1    | Noticed Urug
 17451 | Orc:1    | Killed Urug
 17537 | Orc:1    | Found Poegaara's General Store.
 17576 | Orc:1    | Bought a scroll of identify for 20 gold pieces
 17708 | Orc:1    | Found an iron altar of Okawaru.
 17722 | Orc:1    | Noticed Erica
 17726 | Orc:1    | Killed Erica
 17848 | D:13     | Reached XP level 16. HP: 126/132 MP: 23/23
 18966 | D:14     | Noticed Kirke
 18994 | D:14     | Killed Kirke
 19010 | D:14     | Identified the ring of Nobility {Ice rN+++ Str+3 Stlth-}
 19580 | D:14     | Found Gam Qemne's Armour Emporium.
 19873 | D:14     | Found a gate to the Vaults.
 19880 | D:14     | Reached XP level 17. HP: 140/140 MP: 24/24
 19941 | D:14     | Reached skill level 5 in Dodging
 19958 | D:15     | Entered Level 15 of the Dungeon
 19971 | D:15     | Reached skill level 1 in Evocations
 20777 | D:15     | Found a staircase to the Depths.
 21069 | Swamp:1  | Entered Level 1 of the Swamp
 21320 | Swamp:1  | Noticed Donald
 21328 | Swamp:1  | Killed Donald
 21852 | Swamp:2  | Noticed Louise
 21955 | Swamp:2  | Killed Louise
 22399 | Swamp:2  | Reached skill level 5 in Evocations
 22470 | Swamp:2  | Found a runed translucent door.
 22470 | Swamp:2  | Noticed Jout's ghost (adept FeEE)
 22491 | Swamp:2  | Killed Jout's ghost
 22842 | Swamp:2  | Reached skill level 15 in Fighting
 22842 | Swamp:2  | Reached XP level 18. HP: 145/149 MP: 26/26
 22961 | Swamp:2  | Gained mutation: You occasionally lose the ability to drink
                  | potions when taking damage. [potion of mutation]
 22961 | Swamp:2  | Gained mutation: You are robust. (+10% HP) [potion of
                  | mutation]
 22962 | Swamp:2  | Lost mutation: You are robust. (+10% HP) [potion of
                  | mutation]
 22962 | Swamp:2  | Lost mutation: You occasionally lose the ability to drink
                  | potions when taking damage. [potion of mutation]
 22962 | Swamp:2  | Gained mutation: Armour fits poorly on your strangely
                  | shaped body. [potion of mutation]
 22962 | Swamp:2  | Gained mutation: You are partially covered in large bone
                  | plates. (SH +4) [potion of mutation]
 22963 | Swamp:2  | Lost mutation: You are partially covered in large bone
                  | plates. (SH +4) [potion of mutation]
 22963 | Swamp:2  | Lost mutation: Armour fits poorly on your strangely shaped
                  | body. [potion of mutation]
 22963 | Swamp:2  | Gained mutation: You are resistant to electric shocks.
                  | (rElec) [potion of mutation]
 22963 | Swamp:2  | Gained mutation: You expend magic power (3 MP) to
                  | strengthen your wands. [potion of mutation]
 22976 | Swamp:2  | Lost mutation: You expend magic power (3 MP) to strengthen
                  | your wands. [potion of mutation]
 22976 | Swamp:2  | Lost mutation: You are resistant to electric shocks.
                  | (rElec) [potion of mutation]
 22976 | Swamp:2  | Gained mutation: Your magical capacity is low. (-10% MP)
                  | [potion of mutation]
 22977 | Swamp:2  | Lost mutation: Your magical capacity is low. (-10% MP)
                  | [potion of mutation]
 22977 | Swamp:2  | Gained mutation: You have a pair of small horns on your
                  | head. [potion of mutation]
 22977 | Swamp:2  | Gained mutation: You sometimes lose your temper in combat.
                  | [potion of mutation]
 22977 | Swamp:2  | Gained mutation: You passively dampen the noise of your
                  | surroundings. [potion of mutation]
 22977 | Swamp:2  | Gained mutation: You expend magic power (3 MP) to
                  | strengthen your wands. [potion of mutation]
 22978 | Swamp:2  | Lost mutation: You expend magic power (3 MP) to strengthen
                  | your wands. [potion of mutation]
 22978 | Swamp:2  | Lost mutation: You have a pair of small horns on your head.
                  | [potion of mutation]
 22978 | Swamp:2  | Gained mutation: You have an increased reservoir of magic.
                  | (+10% MP) [potion of mutation]
 22978 | Swamp:2  | Gained mutation: You are partially covered in iridescent
                  | scales. (AC +2) [potion of mutation]
 22979 | Swamp:2  | Lost mutation: You passively dampen the noise of your
                  | surroundings. [potion of mutation]
 22979 | Swamp:2  | Lost mutation: You are partially covered in iridescent
                  | scales. (AC +2) [potion of mutation]
 22979 | Swamp:2  | Lost mutation: You have an increased reservoir of magic.
                  | (+10% MP) [potion of mutation]
 22979 | Swamp:2  | Gained mutation: Your muscles are strong. (Str +4, Int/Dex
                  | -1) [potion of mutation]
 22980 | Swamp:2  | Lost mutation: You sometimes lose your temper in combat.
                  | [potion of mutation]
 22980 | Swamp:2  | Lost mutation: Your muscles are strong. (Str +4, Int/Dex
                  | -1) [potion of mutation]
 22980 | Swamp:2  | Gained mutation: You sometimes lose your temper in combat.
                  | [potion of mutation]
 22980 | Swamp:2  | Gained mutation: Your flesh is very heat resistant. (rF++)
                  | [potion of mutation]
 22980 | Swamp:2  | Lost mutation: You sometimes lose your temper in combat.
                  | [potion of mutation]
 23499 | Swamp:3  | Found an ornate altar of the Wu Jian Council.
 23857 | Swamp:3  | Identified the +9 halberd "Juzeciuf" {spect, rF++}
 23917 | Swamp:4  | Entered Level 4 of the Swamp
 24129 | Swamp:4  | Noticed Mara
 24149 | Swamp:4  | Killed Mara
 24667 | Swamp:4  | Found a blossoming altar of Fedhas.
 24720 | Swamp:4  | Found a basalt altar of Yredelemnul.
 24733 | Swamp:4  | Got a decaying rune of Zot
 25031 | Swamp:4  | Noticed Bai Suzhen
 25035 | Swamp:4  | Banished Bai Suzhen
 25887 | Spider:1 | Entered Level 1 of the Spider Nest
 25899 | Spider:1 | Reached XP level 19. HP: 143/155 MP: 28/28
 26214 | Spider:1 | Reached skill level 10 in Dodging
 26406 | Spider:1 | You fall into a shaft and drop 1 floor!
 26476 | Spider:1 | Reached skill level 10 in Evocations
 27427 | Spider:2 | Noticed Mlioglotl
 27436 | Spider:2 | Killed Mlioglotl
 28408 | Spider:2 | Upgraded the game from 0.32-a0-473-gd044c6f0f0 to
                  | 0.32-a0-485-g70f7560b1c
 28805 | Orc:2    | Entered Level 2 of the Orcish Mines
 28899 | Orc:2    | Found a frozen archway.
 28938 | IceCv    | Entered an ice cave
 29373 | IceCv    | Identified the +4 war axe "Ifyadi" {holy, +Blink rPois rF++
                  | Int-3}
 29375 | IceCv    | Got the Teachings on the Crevasse
 29884 | Orc:2    | Noticed Saint Roka
 30208 | Orc:2    | Banished Saint Roka
 30340 | Orc:2    | Found Axemi's General Store.
 30342 | Orc:2    | Found Iluss's General Store.
 30394 | Orc:2    | Bought a potion of heal wounds for 80 gold pieces
 30682 | Orc:2    | Found Poyhaen's Jewellery Shop.
 30682 | Orc:2    | Found Foddum's Antique Weapon Boutique.
 30683 | Orc:2    | Found a one-way gate leading to the halls of Pandemonium.
 30722 | Orc:2    | Found a staircase to the Elven Halls.
 30854 | Orc:2    | Found Ycinusha's Vocational Training.
 30861 | Orc:2    | Bought a manual of Invocations for 880 gold pieces
 31095 | Elf:1    | Entered Level 1 of the Elven Halls
 31117 | Elf:1    | Paralysed by an air elemental for 1 turns
 31163 | Elf:1    | Reached XP level 20. HP: 150/163 MP: 29/29
 31550 | Elf:1    | Found Liur Sead's Jewellery Shop.
 31550 | Elf:1    | Found Utzonarch's Book Shoppe.
 31551 | Elf:1    | Found Lorij's Book Shoppe.
 31976 | Elf:1    | Noticed Norris
 31981 | Elf:1    | Banished Norris
 32078 | Elf:1    | Found Qeleul's Magic Scroll Boutique.
 32122 | Elf:1    | Bought a scroll of enchant weapon for 105 gold pieces
 32122 | Elf:1    | Bought a scroll of enchant weapon for 105 gold pieces
 32122 | Elf:1    | Bought a scroll of revelation for 105 gold pieces
 32643 | Elf:2    | Found a runed translucent gate.
 32643 | Elf:2    | Found a runed translucent gate.
 32644 | Elf:2    | Found a runed translucent gate.
 32925 | Elf:2    | Noticed Azrael
 32939 | Elf:2    | Killed Azrael
 34659 | Spider:3 | Reached skill level 15 in Invocations
 35266 | Spider:4 | Entered Level 4 of the Spider Nest
 35771 | Spider:4 | Reached XP level 21. HP: 172/172 MP: 32/32
 36238 | Spider:4 | Identified the +1 leather armour of Magic {Str+6}
 37204 | Spider:4 | Got a gossamer rune of Zot
 37447 | Vaults:1 | Entered Level 1 of the Vaults
 38963 | Vaults:1 | Found a roughly hewn altar of Beogh.
 39233 | Vaults:2 | Found a crumbling gateway.
 39254 | Desolati | Entered the Desolation of Salt
 39308 | Desolati | Reached skill level 15 in Dodging
 39428 | Desolati | Reached XP level 22. HP: 173/181 MP: 34/34
 39431 | Desolati | Identified the +3 leather armour of Leapfrog {rN+}
 39432 | Desolati | Identified the staff of Doom {rPois rC- SInv Conj Earth}
 39434 | Desolati | Identified the +1 scale mail of Liraxarich {SInv}
 39436 | Desolati | Got the Lectures on the Barrage
 39444 | Desolati | Identified the +5 scale mail of the World {rElec rF+ rC+}
 39657 | Desolati | Identified the +0 plate armour of Death's Door {+Inv rC+}
 39658 | Desolati | Identified the amulet "Qiled" {RegenMP +Inv rF- Str+4
                  | Dex+2}
 39660 | Desolati | Identified the +5 broad axe "Rotoluwn" {flame, Int+3}
 39661 | Desolati | Identified the +7 flail of the Empty Page {flame, ^Contam
                  | rPois MP+9 Str+5}
 39763 | Desolati | Identified the +2 chain mail "Aceleroluka" {rC+ SInv}
 40065 | Desolati | Found the +8 frozen axe "Frostbite" {freeze, freezing
                  | cloud, *Noise Fly rC+}
 40080 | Desolati | Identified the +3 quarterstaff of Beyond {elec, rPois
                  | Dex+3}
 40083 | Desolati | Got the Vellum of Metallic Destruction
 40248 | Vaults:2 | Found a staircase to the Crypt.
 40256 | Vaults:2 | Found Gefueng's Jewellery Shop.
 40327 | Vaults:2 | Reached skill level 1 in Shapeshifting
 40650 | Vaults:2 | Reached skill level 2 in Shapeshifting
 41197 | Vaults:2 | Reached skill level 3 in Shapeshifting
 42152 | Elf:1    | Bought a manual of Fighting for 1200 gold pieces
 42582 | Vaults:3 | Reached skill level 4 in Shapeshifting
 42998 | Vaults:3 | Identified the amulet of Ippuskophy {Spirit Str+4}
 43481 | Vaults:3 | Reached skill level 5 in Shapeshifting
 44052 | Vaults:3 | Reached skill level 6 in Shapeshifting
 44186 | Vaults:3 | Reached XP level 23. HP: 188/192 MP: 35/35
 44197 | Vaults:3 | Got the Spellbook of Shivering Violence
 45532 | Vaults:4 | Reached skill level 7 in Shapeshifting
 46667 | Vaults:4 | Found a glowing golden altar of the Shining One.
 47058 | Vaults:5 | Entered Level 5 of the Vaults
 47059 | Vaults:5 | Corrupted Vaults:5
 47104 | Vaults:4 | Reached skill level 8 in Shapeshifting
 47834 | Vaults:5 | Noticed a dread lich
 47834 | Vaults:5 | Noticed a golden dragon
 47842 | Vaults:5 | Killed a dread lich
 47847 | Vaults:5 | Killed a golden dragon
 47924 | Vaults:5 | Reached skill level 9 in Shapeshifting
 47936 | Vaults:5 | Noticed a dread lich
 47942 | Vaults:5 | Gained mutation: Your magical capacity is low. (-10% MP) [a
                  | cacodemon]
 47949 | Vaults:5 | Killed a dread lich
 48408 | Vaults:5 | Reached skill level 10 in Shapeshifting
 48479 | Vaults:5 | Reached XP level 24. HP: 187/208 MP: 32/32
 48545 | Vaults:5 | Noticed a dread lich
 48555 | Vaults:5 | Killed a dread lich
 48616 | Vaults:5 | Reached skill level 11 in Shapeshifting
 49079 | Vaults:5 | Identified the +2 whip of False Accusations {protect, rPois
                  | rF++ Str+3 Stlth-}
 49079 | Vaults:5 | Identified the +3 leather armour of the Cockroach {rC+
                  | Will+}
 49252 | Vaults:5 | Found the +8 arc blade {discharge, rElec}
 49262 | Vaults:5 | Acquired the +3 pair of seven-league boots {Rampage+∞}
 49262 | Vaults:5 | Found the +3 pair of seven-league boots {Rampage+∞}
 49273 | Vaults:5 | Identified the +1 leather armour of Otsaic {Str+4}
 49275 | Vaults:5 | Got a silver rune of Zot
 50217 | Elf:3    | Entered Level 3 of the Elven Halls
 50667 | Elf:3    | Found Qanu's Antique Armour Shop.
 51814 | Elf:3    | Reached skill level 12 in Shapeshifting
 52586 | Elf:3    | Reached skill level 13 in Shapeshifting
 52613 | Elf:3    | HP: 4/208 [deep elf master archer/stone (25)]
 53217 | Elf:3    | Identified the staff "Ynojal" {rElec rF+ Will- SInv Hexes
                  | Air}
 53220 | Elf:3    | Identified the staff "Zaesee" {rN+ Int+3 Necro Alchemy}
 53233 | Elf:3    | Identified the +7 chain mail of Exclusion {+Blink Will+
                  | Dex+2 SInv}
 53287 | Elf:3    | Identified the +1 leather armour of Servitude {SInv}
 53384 | Elf:3    | Identified the ring "Idyhexky" {Str+2 SInv}
 53389 | Elf:3    | Identified the ring "Qahi" {rC+ Will+ Str+6 Dex-2 Stlth+}
 53702 | Vaults:2 | Bought a talisman of death for 960 gold pieces
 53842 | Depths:1 | Entered Level 1 of the Depths
 54170 | Depths:1 | Found a gateway to Hell.
 54194 | Depths:1 | Found a shimmering altar of Xom.
 54244 | Depths:1 | Reached skill level 14 in Shapeshifting
 54352 | Depths:1 | Found Cavor's Assorted Antiques.
 54353 | Depths:1 | Found Cimi's General Store.
 54354 | Depths:1 | Found Depp's Antique Weapon Emporium.
 54359 | Depths:1 | Found Unimaut's Distillery.
 54367 | Depths:1 | Bought a potion of haste for 190 gold pieces
 54367 | Depths:1 | Bought a potion of heal wounds for 95 gold pieces
 54367 | Depths:1 | Bought a potion of heal wounds for 95 gold pieces
 55083 | Depths:2 | Found a one-way gate to the infinite horrors of the Abyss.
 55120 | Depths:2 | Reached XP level 25. HP: 158/214 MP: 32/32
 55370 | Depths:2 | Reached skill level 15 in Shapeshifting
 55851 | Depths:2 | Identified the staff "Ifyjozuc" {rElec rPois Will+ Int-2
                  | Summ Air}
 56230 | Depths:2 | Found the +6 Majin-Bo {spellvamp, MP+6 Int+6}
 56529 | Depths:3 | Found a snail-covered altar of Cheibriados.
 56591 | Depths:3 | Reached skill level 16 in Shapeshifting
 56835 | Depths:3 | Found a one-way gateway to a ziggurat.
 57694 | Depths:4 | Entered Level 4 of the Depths
 58120 | Depths:4 | Reached skill level 17 in Shapeshifting
 58155 | Depths:4 | Identified the +4 sling "Raudox" {freeze, rElec rF+}
 58485 | Depths:4 | Found a gate to the Realm of Zot.
 58812 | Depths:4 | Found Iluemp's Magic Scroll Boutique.
 58994 | Depths:4 | Reached skill level 18 in Shapeshifting
 59152 | Depths:4 | Identified the +4 ring mail "Zelil" {rC- rN++ MP+9 Stlth-}
 59788 | Depths:3 | Voluntarily entered the Abyss.
 59932 | Abyss:1  | Killed Bai Suzhen
 59948 | Abyss:1  | Found a corrupted altar of Lugonu.
 60050 | Abyss:1  | Reached XP level 26. HP: 175/222 MP: 32/32
 60544 | Abyss:1  | Gained mutation: You are clumsy. (Dex -2) [a neqoxec]
 60587 | Abyss:1  | Reached skill level 19 in Shapeshifting
 60639 | Abyss:1  | Killed Norris
 60774 | Depths:3 | Escaped the Abyss
 60860 | Depths:3 | Lost mutation: You are clumsy. (Dex -2) [potion of
                  | mutation]
 60860 | Depths:3 | Lost mutation: Your magical capacity is low. (-10% MP)
                  | [potion of mutation]
 60860 | Depths:3 | Gained mutation: You occasionally lose the ability to read
                  | scrolls when taking damage. [potion of mutation]
 60860 | Depths:3 | Lost mutation: Your flesh is very heat resistant. (rF++)
                  | [potion of mutation]
 60860 | Depths:3 | Gained mutation: You are resistant to electric shocks.
                  | (rElec) [potion of mutation]
 60860 | Depths:3 | Gained mutation: Your mind is acute. (Int +4, Str/Dex -1)
                  | [potion of mutation]
 61080 | Orc:2    | Bought a potion of mutation for 128 gold pieces
 61280 | Depths:2 | Voluntarily entered the Abyss.
 61777 | Abyss:2  | Found a corrupted altar of Lugonu.
 61781 | Abyss:2  | Found a corrupted altar of Lugonu.
 61796 | Abyss:2  | Found a blossoming altar of Fedhas.
 61803 | Abyss:2  | Paralysed by accursed screaming for 1 turns
 61812 | Abyss:2  | Found a corrupted altar of Lugonu.
 61954 | Abyss:2  | Found a corrupted altar of Lugonu.
 61977 | Abyss:2  | Found a corrupted altar of Lugonu.
 62268 | Abyss:2  | Reached skill level 20 in Shapeshifting
 63133 | Abyss:2  | Found a corrupted altar of Lugonu.
 63163 | Depths:2 | Escaped the Abyss
 63370 | Depths:2 | Voluntarily entered the Abyss.
 63404 | Abyss:2  | Found a corrupted altar of Lugonu.
 63557 | Abyss:2  | Reached skill level 21 in Shapeshifting
 63661 | Abyss:2  | Identified the +4 great mace "Giantslayer" {distort, rF+
                  | Int+2 Dex-4}
 63760 | Depths:2 | Escaped the Abyss
 63976 | Depths:2 | Voluntarily entered the Abyss.
 64225 | Abyss:2  | Reached XP level 27. HP: 192/228 MP: 35/35
 64620 | Abyss:3  | Reached skill level 22 in Shapeshifting
 64633 | Abyss:3  | Found a shimmering altar of Xom.
 64655 | Abyss:3  | Got an abyssal rune of Zot
 64657 | Depths:2 | Escaped the Abyss
 64725 | Depths:2 | Lost mutation: You are resistant to electric shocks.
                  | (rElec) [potion of mutation]
 64725 | Depths:2 | Lost mutation: You occasionally lose the ability to read
                  | scrolls when taking damage. [potion of mutation]
 64725 | Depths:2 | Lost mutation: Your mind is acute. (Int +4, Str/Dex -1)
                  | [potion of mutation]
 64725 | Depths:2 | Gained mutation: You possess an exceptional clarity of
                  | mind. [potion of mutation]
 64725 | Depths:2 | Gained mutation: You are very frail. (-20% HP) [potion of
                  | mutation]
 64774 | Depths:2 | Voluntarily entered the Abyss.
 64802 | Abyss:3  | Found a corrupted altar of Lugonu.
 66153 | Abyss:3  | Reached skill level 23 in Shapeshifting
 66552 | Depths:2 | Escaped the Abyss
 66703 | Zot:1    | Entered Level 1 of the Realm of Zot
 67678 | Zot:1    | Identified the +0 robe of the Flute {Regen+ Str+3}
 68704 | Zot:2    | Found the +5 glaive of the Guard {elec, spectral}
 69286 | Zot:2    | Identified the +1 dire flail "Wocvul" {venom, Dex+7}
 70968 | Zot:4    | Identified the +3 cloak of an ice cave {rCorr Int-2 Stlth+}
 71089 | Zot:4    | Noticed Parghit
 71100 | Zot:4    | Killed Parghit
 71863 | Slime:1  | Entered Level 1 of the Pits of Slime
 73677 | Slime:5  | Entered Level 5 of the Pits of Slime
 74390 | Slime:5  | Noticed the Royal Jelly
 74407 | Slime:5  | Killed the Royal Jelly
 74643 | Slime:5  | Got a slimy rune of Zot
 74660 | Slime:5  | Identified the +0 scale mail of the Sailor {Slay+2}
 74674 | Slime:5  | Got the Exposition on Graupel and Talus
 74696 | Slime:5  | Identified the +0 robe "Wosopala" {Rampage *Slow +Inv rN+}
 74712 | Slime:5  | Identified the +6 hand axe of Context {chaos, ^Fragile
                  | rElec rC++}
 75464 | Crypt:1  | Entered Level 1 of the Crypt
 76413 | Crypt:1  | Noticed an ancient lich
 76440 | Crypt:1  | Killed an ancient lich
 76444 | Crypt:1  | Identified the +7 lajatang of Kaguck {holy, rElec rCorr
                  | Str-5 Int+4}
 76445 | Crypt:1  | Identified the +7 longbow of Bloody Death {speed, ^Contam
                  | Fly rPois rF- Int+3}
 76853 | Crypt:2  | Noticed Sojobo
 76853 | Crypt:2  | Found an ancient bone altar of Kikubaaqudgha.
 76862 | Crypt:2  | Killed Sojobo
 77789 | Crypt:3  | Entered Level 3 of the Crypt
 78116 | Crypt:3  | Identified the ring of Xehiug {Fire rN++ MP+9 Str+4 Slay+2}
 78145 | Crypt:3  | Identified the amulet of Darkness {Harm +Inv Regen+ MP+9
                  | Dex-5}
 78145 | Crypt:3  | Identified the ring "Raaschasch" {rC+ rN++ AC+4}
 78623 | Crypt:3  | Identified the +0 ring mail of Soft Rains {*Slow rF+
                  | Regen+}
 78940 | Crypt:3  | Got the Discursus on Debased Rituals
 78945 | Crypt:3  | Identified the +0 falchion of Trauma {freeze, Str+3}
 78957 | Crypt:3  | Found a staircase to the Tomb.
 79233 | Crypt:3  | Found an ancient bone altar of Kikubaaqudgha.
 79241 | Crypt:3  | Noticed an ancient lich
 79245 | Crypt:3  | Killed an ancient lich
 79381 | Crypt:3  | Got Sif Muna's Parchment of Heat
 79393 | Crypt:3  | Noticed an ancient lich
 79397 | Crypt:3  | Killed an ancient lich
 80136 | Orc:2    | Bought a manual of Evocations for 880 gold pieces
 80471 | Depths:1 | Bought a scroll of blinking for 240 gold pieces
 80475 | Depths:1 | Bought a potion of resistance for 190 gold pieces
 80515 | Hell     | Entered the Vestibule of Hell
 80515 | Hell     | Noticed Geryon
 80535 | Hell     | Corrupted Hell
 80589 | Hell     | Slain by a titan simulacrum

Illustrated notes

Levels and vault maps discovered:
D:1:      psy_arrival_whirlpool, layout_basic,
          shapermc_ecumenical_altar_starsandcircs, minmay_strange_pillars
D:2:      kennysheep_big_flooded_room, layout_loops_corners, minmay_cut_off
D:3:      layout_loops_ring, serial_shops,
          nicolae_shop_temple_entry_statues_fountains, grunt_decor_clamped,
          uniq_sigmund, uniq_ijyb
D:4:      layout_basic, minmay_temple_entry_glassed_door, minmay_quadrilaterals
D:5:      layout_basic, zin_scriptorium, lemuel_round_altar,
          nicolae_overflow_crystal_walls, hangedman_glass_teeth, uniq_grinder
D:6:      layout_cave_pools, uniq_menkaure, uniq_blork_the_orc
D:7:      layout_rooms, uniq_maurice
D:8:      layout_loops_ring, nicolae_the_louvre
D:9:      nicolae_hitomezashi [nicolae_hito_row, nicolae_hito_row,
          nicolae_hito_row, nicolae_hito_row, nicolae_hito_row,
          nicolae_hito_row, nicolae_hito_row, nicolae_hito_row,
          nicolae_hito_row, nicolae_hito_row, nicolae_hito_row,
          nicolae_hito_row, nicolae_hito_row, nicolae_hito_row,
          nicolae_hito_row, nicolae_hito_row, nicolae_hito_row,
          nicolae_hito_row], layout_gridville, mainiacjoe_overflow_alcove_2,
          serial_ice, serial_ice_h, serial_ice_i, serial_ice_n, serial_ice_o,
          ebering_dispersal_statue_hall, nicolae_shop_self_help, uniq_maggie
D:10:     layout_irregular_city, mainiacjoe_overflow_divided_tiny,
          minmay_misc_feat_four_crosses
D:11:     layout_small_grid, hellmonk_lair_entry_icy, uniq_harold, uniq_nergalle
D:12:     layout_basic, hiddenorc2_lemuel, serial_bayou_ford_a,
          nemelex_diamond_rough_becter
D:13:     layout_stronghold
D:14:     layout_loops_cross, david_vaults_4, serial_shops, shop,
          serial_park_tiny_pond, minmay_misc_feat_rugged,
          kennysheep_opposing_triangles, uniq_kirke
D:15:     grunt_enter_depths_snipers, layout_irregular_city, serial_glass,
          glass_columns_a, glass_columns_b, chequers_arboretum
Temple:   nicolae_temple_x_marks_the_god
Lair:1:   layout_gridlike, nicolae_lair_lindhole, grunt_megastairs_2, uniq_sonja
Lair:2:   layout_cave_pods, spider_nest_entry_a, gauntlet_entry_generic,
          st_stairs_6, lemuel_fruit_fields, grunt_megastairs_1,
          lemuel_fruit_tree
Lair:3:   layout_loops_ring, nicolae_swamp_entry_splash_gauntlet, ice2_lemuel
Lair:4:   wad_woods_tower, layout_cave_pods, chequers_serial_rivers_micro_b,
          uniq_snorg
Lair:5:   minmay_lair_end_enchanted_forest, layout_long_grid,
          dpeg_slime_entry_enclosed, grunt_megastairs_5
Swamp:1:  layout_basic_swamp, evilmike_swamp_ruin_house_4, uniq_donald
Swamp:2:  layout_falls_marsh, hellmonk_ghost_happy_afterlife,
          hangedman_swamp_diagram, uniq_louise
Swamp:3:  layout_basic_swamp, hangedman_swamp_ruin_hall, nicolae_swamp_godswood
Swamp:4:  byrel_swamp_growth_death_and_undeath, layout_basic_swamp,
          swamp_pool_1_2, beargit_guarded_unrand_captain_cutlass,
          uniq_bai_suzhen, uniq_mara
Spider:1: layout_spider_delve
Spider:2: layout_chambers, drop_trap, uniq_mlioglotl
Spider:3: layout_cave_pods, drop_trap, nicolae_spider_paper_wasps
Spider:4: guppyfry_spider_rune, hellmonk_narrow_tunnel
Slime:1:  layout_caves
Slime:2:  layout_caves
Slime:3:  layout_caves
Slime:4:  layout_caves
Slime:5:  slime_pit
Orc:1:    layout_caves, serial_shops, shop, okawaru_metal_pillars_1_2,
          uniq_erica, uniq_urug
Orc:2:    pf_orc_diabolical, layout_caves, portal_ice_cave_demonic_guard,
          nicolae_shop_vocational, uniq_saint_roka
Elf:1:    layout_geoelf_diagonals, serial_shops, shop, guppyfry_library_mini,
          minmay_shop_grove, hangedman_decor_cross_pass, uniq_norris
Elf:2:    elven_hall_of_blades_hangedman_original [nooodl_blade_entry_preview],
          layout_geoelf_octagon, uniq_azrael
Elf:3:    minmay_elf_hall_four_x, layout_loops_ring, serial_shops, shop
Vaults:1: nicolae_vaults_three_branches, v_misc_30, v_misc_5, v_rooms_3,
          nicolae_vaults_wrenched, special_room_vaults [special_room_orc],
          ontoclasm_vaults_claustrophobia, nicolae_vaults_big_ls,
          layout_vaults_maze
Vaults:2: portal_desolation_entry_ruin, hangedman_vaults_pinch,
          nicolae_vaults_network_barrier, nicolae_vaults_little_squares_1,
          hangedman_vaults_stream, v_pattern_5,
          nicolae_vaults_closet_pinwheel_1, v_misc_1, nicolae_vaults_gold_heap,
          vaults_dpeg_emergency_exit, ontoclasm_vaults_decontamination,
          vaults_room_semicircle, layout_vaults_big_room, serial_shops,
          nicolae_shop_gaudy_bauble
Vaults:3: v_alt_pattern_2, nicolae_vaults_offset_grid_hallway_1,
          nicolae_vaults_sesquioval_fish, v_misc_9, nicolae_vaults_alarming,
          nicolae_vaults_frosty_reception, vaults_room_door_hall,
          hangedman_vaults_stretched_pinwheel, nicolae_vaults_oval_intersection,
          dpeg_vaults_hating_casters, vaults_room_ringed_pool,
          ontoclasm_vaults_gateway, layout_vaults_ring
Vaults:4: lemuel_angel_altar, nicolae_vaults_what_the_h, v_misc_27,
          nicolae_vaults_quartermaster, hangedman_vaults_snaps,
          nicolae_vaults_six-pack, nicolae_vaults_closet_pinwheel_1,
          vaults_room_pools, vaults_dpeg_hooks, nicolae_vaults_little_squares_6,
          nicolae_vaults_two_Ls, layout_vaults_omnigrid
Vaults:5
Crypt:1:  layout_catacombs, beargit_elvish_explorers
Crypt:2:  layout_basic, basic_altar, uniq_sojobo
Crypt:3:  quadcrypt_mu
Depths:1: layout_basic, rand_demon_pan_entry_4, hell_entry,
          corexii_hall_statues_l, serial_bayou_pond_c, interstate_on_off,
          minmay_shop_grid_forest, xom_redecorated, serial_bayou_shore_b
Depths:2: minmay_guarded_unrand_majin_bo, layout_basic, abyss_entry, hell_entry,
          rand_demon_pan_entry_7, chequers_serial_rivers_small_3
Depths:3: minmay_crescents, layout_honeycomb, enter_ziggurat_d,
          grunt_pan_entry_sceptre, abyss_entry, hell_entry,
          hangedman_abyss_or_decor_passed, cheibriados_altar_1,
          serial_bayou_shore_b
Depths:4: grunt_zot_entry_funnels, layout_gridville, rand_demon_pan_entry_1,
          chequers_serial_rivers_small_3, hell_entry, serial_sigils,
          serial_sigils_hangedman_gut, serial_sigils_hangedman_etch,
          serial_sigils_hangedman_writhe, serial_sigils_hangedman_carve,
          serial_shops, nicolae_diamond_shop
Hell
Zot:1:    layout_twisted_circle, grunt_megastairs_4
Zot:2:    layout_misc_corridors, skrybe_zot_glass_1
Zot:3:    layout_onion_interference, regret_index_zotdec_onion_hex,
          lemuel_baited_zot_trap
Zot:4:    layout_twisted_circle, regret_index_zotdec_twisting_globes,
          uniq_parghit

Skill      XL: |  1  2  3  4  5  6  7  8  9 10 11 12 13 14 15 16 17 18 19 20 21 22 23 24 25 26 27 |
---------------+----------------------------------------------------------------------------------+-----
Polearms       | 2 3 4 6 9 12 14 15 16 17 19 | 19.7
Armour         | 4 5 8 10 12 15 16 17 18 19 20 21 | 21.6
Invocations    | 2 4 6 7 8 9 10 11 12 13 15 16 17 19 | 19.0
Fighting       | 4 6 8 9 11 13 14 15 16 17 18 21 22 | 22.8
Dodging        | 2 4 6 9 12 13 15 17 | 17.3
Evocations     | 5 9 10 | 10.0
Shapeshifting  | 6 10 14 18 21 23 | 23.0
Shields        | |  2.1

Action                     |  1- 3 |  4- 6 |  7- 9 | 10-12 | 13-15 | 16-18 | 19-21 | 22-24 | 25-27 || total
---------------------------+-------+-------+-------+-------+-------+-------+-------+-------+-------++-------
  Melee: Trident           |    23 |       |       |       |       |       |       |       |       ||    23
         Demon trident     |    20 |    28 |    89 |   298 |   528 |   709 |  1287 |  1172 |  2454 ||  6585
         Lance             |    18 |    22 |    78 |   288 |   476 |   674 |  1190 |  1120 |  2319 ||  6185
  Throw: Throwing net      |       |       |       |     2 |       |       |       |       |       ||     2
 Invoke: Brand Weapon With |       |       |       |     1 |       |       |       |       |       ||     1
         Corrupt           |       |       |       |       |     1 |       |       |     1 |     1 ||     3
         Depart the Abyss  |       |       |       |       |       |       |       |       |     4 ||     4
Ability: Evoke Blink       |       |       |       |       |       |       |       |     1 |       ||     1
         Begin Untransform |       |       |       |       |       |       |       |       |     1 ||     1
  Evoke: Wand              |       |       |     1 |     1 |       |       |       |     4 |     7 ||    13
    Use: Scroll            |     3 |       |    11 |     3 |    16 |     1 |    10 |     9 |    23 ||    76
         Potion            |       |       |       |       |     1 |    10 |     9 |     8 |     6 ||    34
   Stab: Invisible         |       |       |       |       |       |       |    10 |     1 |     2 ||    13
         Distracted        |       |       |       |       |       |       |       |     2 |     1 ||     3
         Paralysed         |       |       |       |       |       |       |       |     1 |       ||     1
 Armour: Scale mail        |     7 |       |       |       |       |       |       |       |       ||     7
         Crystal plate arm |    20 |    16 |    23 |   120 |   284 |   626 |   781 |   661 |  1159 ||  3690
  Dodge: Dodged            |     3 |       |     1 |    22 |    76 |   206 |   505 |   297 |   621 ||  1731
  Block: Buckler           |     4 |       |       |       |       |       |       |       |       ||     4
   Form: Death             |       |       |       |       |       |       |       |       |     3 ||     3
                           |       |       |       |       |       |       |       |       |     1 ||     1

Table legend: (Time is in decaauts)
 A = Elapsed time spent in this place.
 B = Non-inter-level travel time spent in this place.
 C = Inter-level travel time spent in this place.
 D = Time resting spent in this place.
 E = Time spent auto-exploring this place.
 F = Levels seen in this place.
 G = Mean time per level.
                   A        B        C        D        E       F      G
               +--------+--------+--------+--------+--------+-----+--------+
         Total |  78160 |  67998 |  10162 |  11619 |  40856 |  66 | 1184.2 |
       Dungeon |  15290 |  12624 |   2666 |    531 |  10565 |  15 | 1019.3 |
        Temple |      1 |      1 |      0 |      0 |      0 |   1 |    1.0 |
          Lair |   6024 |   5085 |    939 |    358 |   3907 |   5 | 1204.8 |
         Swamp |   4789 |   4548 |    241 |    947 |   2485 |   4 | 1197.2 |
   Spider Nest |   5656 |   5131 |    525 |   1016 |   2844 |   4 | 1414.0 |
    Slime Pits |   3060 |   2724 |    336 |    518 |   1383 |   5 |  612.0 |
  Orcish Mines |   3136 |   2315 |    821 |    847 |    850 |   2 | 1568.0 |
   Elven Halls |   5444 |   4810 |    634 |    853 |   2609 |   3 | 1814.7 |
        Vaults |  11311 |   9704 |   1607 |   2471 |   5045 |   5 | 2262.2 |
         Crypt |   4538 |   3929 |    609 |     16 |   3131 |   3 | 1512.7 |
        Depths |   6800 |   5819 |    981 |   2018 |   2594 |   4 | 1700.0 |
          Hell |     44 |     44 |      0 |      0 |      0 |   1 |   44.0 |
           Zot |   4740 |   3944 |    796 |   1018 |   2188 |   4 | 1185.0 |
         Abyss |   5165 |   5165 |      0 |    972 |   2158 |   7 |  737.9 |
      Ice Cave |    454 |    454 |      0 |      0 |    285 |   1 |  454.0 |
    Desolation |    855 |    855 |      0 |     54 |    521 |   1 |  855.0 |
      Gauntlet |    844 |    844 |      0 |      0 |    287 |   1 |  844.0 |
               +--------+--------+--------+--------+--------+-----+--------+

Top non-repeatable levels by time:
Vaults:4: 2804 daAuts
Depths:2: 2450 daAuts
Vaults:2: 2395 daAuts
Vaults:5: 2306 daAuts
   Zot:1: 2169 daAuts
   Elf:2: 2125 daAuts
Vaults:3: 1997 daAuts
 Crypt:3: 1954 daAuts
 Abyss:2: 1934 daAuts
 Abyss:3: 1903 daAuts
Vaults:1: 1807 daAuts
   Elf:3: 1797 daAuts
Spider:4: 1705 daAuts
 Crypt:1: 1686 daAuts
    D:14: 1677 daAuts
